AoeStats
← ska_18

Black Forest

508906921Analyzed
3v3 RM · 6d ago on Sep 24, 2026· 49m 1s· 6 players
Game mode
Random Map
Map size
Normal (6 player)
Population
200
Speed
Normal
Resources
Standard
Victory
Conquest
Starting age
Dark Age
Ending age
Imperial Age
RankedLock teamsTeams togetherTeam positionsShared explorationLock speedFull tech treeHidden civsTurbo modeCheats
Victory
Defeat
🇦🇹 Saracens · Austria
893
+12
🇹🇷 Celts · Türkiye
820
+15
🇪🇪 Burgundians · Estonia
752
+19
🇲🇽 Franks · Mexico
840
-22
🇷🇺 Magyars · Russia
837
-16
🇲🇽 Bohemians · Mexico
741
-13
bon sian son
0:42 Loom
13:43 Feudal Age
16:14 Double-Bit Axe
16:34 Horse Collar
23:52 Castle Age
24:11 Arson
24:51 Heavy Plow
25:02 Bow Saw
25:32 Pikeman
28:49 Fortified Wall
34:15 Imperial Age
31:16 Light Cavalry
33:13 Scale Barding Armor
34:20 Chain Barding Armor
34:25 Ballistics
34:44 Town Watch
35:15 Forging
35:48 Wheelbarrow
35:18 Caravan
35:51 Husbandry
35:36 Elite Skirmisher
36:55 Iron Casting
36:20 Halberdier
36:28 Crossbowman
37:45 Scale Mail Armor
37:39 Stronghold
39:43 Chain Mail Armor
39:31 Cavalier
40:05 Capped Ram
41:13 Hand Cart
41:01 Town Patrol
42:24 Masonry
43:46 Blast Furnace
43:31 Plate Mail Armor
44:03 Padded Archer Armor
44:16 Siege Engineers
43:34 Siege Ram
45:15 Paladin
47:03 Hoardings
Intensivist
0:32 Loom
6:16 Double-Bit Axe
8:54 Wheelbarrow
11:59 Feudal Age
12:06 Gold Mining
12:58 Hand Cart
12:57 Bow Saw
14:07 Horse Collar
18:29 Stone Mining
22:39 Castle Age
20:59 Fletching
21:12 Heavy Plow
22:08 Stone Shaft Mining
21:51 Town Watch
22:49 Gold Shaft Mining
28:12 Two-Man Saw
29:45 Treadmill Crane
34:25 Imperial Age
33:03 Town Watch
33:48 Murder Holes
34:29 Bodkin Arrow
37:39 Chemistry
36:50 Fortified Wall
37:01 Ballistics
36:52 Masonry
38:32 Conscription
38:48 Hoardings
38:19 Burgundian Vineyards
39:09 Caravan
42:52 Squires
42:14 Man-at-Arms
44:39 Bombard Tower
44:50 Architecture
44:23 Padded Archer Armor
44:23 Scale Mail Armor
44:29 Scale Barding Armor
44:35 Forging
45:08 Long Swordsman
45:34 Arson
47:03 Two-Handed Swordsman
48:24 Elite Coustillier
ska_18
1:06 Loom
12:10 Feudal Age
17:58 Castle Age
17:31 Double-Bit Axe
17:27 Horse Collar
21:27 Wheelbarrow
23:05 Bow Saw
26:43 Hand Cart
26:13 Town Watch
26:42 Gold Mining
26:42 Stone Mining
27:23 Stone Mining
27:47 Heavy Plow
28:31 Forging
28:26 Scale Barding Armor
28:12 Fletching
29:30 Fervor
31:40 Sanctity
31:34 Bodkin Arrow
33:40 Iron Casting
33:25 Chain Barding Armor
34:11 Gold Shaft Mining
33:41 Caravan
36:58 Imperial Age
34:35 Town Patrol
35:27 Murder Holes
35:43 Masonry
35:43 Fortified Wall
37:59 Coinage
38:49 Chemistry
37:59 Husbandry
37:20 Light Cavalry
38:10 Bloodlines
39:27 Plate Barding Armor
39:14 Conscription
39:06 Bimaristan
38:16 Elite Mameluke
39:31 Hoardings
39:59 Blast Furnace
40:59 Siege Engineers
42:05 Two-Man Saw
43:05 Banking
49:46 Ballistics
49:16 Guard Tower
49:13 Arrowslits
49:30 Bracer
48:53 Hussar
48:54 Heavy Camel Rider
hector280687
13:16 Feudal Age
14:38 Wheelbarrow
13:54 Town Watch
22:48 Double-Bit Axe
26:55 Castle Age
28:15 Hand Cart
28:01 Town Patrol
27:47 Loom
28:19 Bow Saw
33:07 Caravan
34:54 Treadmill Crane
35:25 Fortified Wall
35:27 Masonry
36:01 Gold Mining
36:04 Stone Mining
36:29 Husbandry
39:11 Imperial Age
40:47 Conscription
41:49 Gold Shaft Mining
42:22 Chemistry
41:54 Architecture
40:54 Cavalier
45:14 Chivalry
44:44 Paladin
46:13 Squires
45:36 Pikeman
46:05 Gambesons
47:19 Scale Barding Armor
47:15 Scale Mail Armor
47:26 Forging
CALLATEprr@
0:58 Loom
12:39 Feudal Age
13:52 Man-at-Arms
14:46 Arson
18:04 Forging
18:38 Double-Bit Axe
18:35 Horse Collar
20:18 Wheelbarrow
24:42 Castle Age
26:07 Squires
25:28 Long Swordsman
25:29 Pikeman
28:22 Bow Saw
30:01 Caravan
35:07 Imperial Age
32:25 Town Watch
33:25 Hand Cart
34:08 Wagenburg Tactics
35:08 Heavy Plow
37:25 Two-Man Saw
36:40 Fervor
37:36 Chemistry
37:26 Conscription
38:12 Ballistics
38:01 Town Patrol
39:30 Iron Casting
38:56 Scale Mail Armor
38:48 Fletching
38:58 Padded Archer Armor
38:45 Elite Hussite Wagon
43:53 Halberdier
47:24 Blast Furnace
46:39 Chain Mail Armor
46:20 Bodkin Arrow
46:40 Leather Archer Armor
Etheling
0:38 Loom
14:29 Feudal Age
15:04 Horse Collar
15:13 Double-Bit Axe
17:21 Gold Mining
19:22 Wheelbarrow
20:05 Fletching
23:14 Castle Age
24:28 Bodkin Arrow
25:31 Bow Saw
25:51 Scale Barding Armor
26:02 Heavy Plow
28:08 Husbandry
29:38 Chain Barding Armor
31:19 Bloodlines
33:59 Hand Cart
35:29 Masonry
35:41 Ballistics
36:06 Elite Skirmisher
36:59 Murder Holes
38:50 Sanctity
38:36 Padded Archer Armor
40:38 Thumb Ring
43:25 Imperial Age
43:16 Treadmill Crane
43:27 Guard Tower
43:52 Corvinian Army
44:15 Caravan
44:49 Coinage
45:14 Parthian Tactics
45:11 Leather Archer Armor
44:44 Cavalier
46:41 Ring Archer Armor
47:25 Scale Mail Armor
Connection lost

Rejoining the realm…

Still unreachable

The connection could not be restored.

Session expired

The server has moved on; the page needs a fresh start.